 Dungeon Crawl Stone Soup version 0.18.1-48-g4cf74bf (webtiles) character file.

5220 sarahorange the Thaumaturge (level 10, 0/45 HPs)
             Began as a Spriggan Conjurer on July 10, 2016.
             Was a Priest of Vehumet.
             Slain by a swamp worm (11 damage)
             ... on level 9 of the Dungeon on July 13, 2016.
             The game lasted 02:03:55 (12770 turns).

sarahorange the Thaumaturge (Spriggan Conjurer)    Turns: 12770, Time: 02:03:56

Health: 0/45       AC:  4    Str:  6    XL:     10   Next: 35%
Magic:  4/35       EV: 23    Int: 21    God:    Vehumet [***...]
Gold:   199        SH:  0    Dex: 18    Spells: 10 memorised, 7 levels left

rFire  + . .     SeeInvis +     R - +3 rapier of Yhiv {pierce, *Noise MP+9 Int+4}
rCold  . . .     Gourm    .     a - +1 robe
rNeg   . . .     Faith    +     (shield restricted)
rPois  .         Spirit   .     (helmet restricted)
rElec  .         Dismiss  .     F - +0 cloak {+Inv}
rCorr  .         Reflect  .     (gloves unavailable)
SustAt .         Harm     .     (boots unavailable)
MR     +....                    T - amulet of faith
Stlth  +++.......               L - ring of protection from fire
                                s - ring of stealth

@: very quick, somewhat resistant to hostile enchantments, fairly stealthy
A: unfitting armour, see invisible, herbivore 3, speed 3, slow metabolism 2
a: Renounce Religion, Evoke Invisibility


You were on level 9 of the Dungeon.
You worshipped Vehumet.
Vehumet was most pleased with you.
You were full.

You visited 2 branches of the dungeon, and saw 10 of its levels.

You collected 479 gold pieces.
You spent 280 gold pieces at shops.

Inventory:

Hand Weapons
 f - a +1 short sword
 l - a +0 hunting sling
 A - a +1 blowgun
 R - the +3 rapier of Yhiv (weapon) {pierce, *Noise MP+9 Int+4}
   (You found it on level 9 of the Dungeon)

   It inflicts extra damage upon your enemies.
   It affects your intelligence (+4).
   It affects your magic capacity (+9).
   It may make noises in combat.
Missiles
 g - 306 stones (quivered)
 y - 4 curare-tipped needles
 B - 81 poisoned needles
 H - 86 sling bullets
Armour
 a - a +1 robe (worn)
 e - a +1 cloak
 F - a +0 cloak of invisibility (worn)
Jewellery
 o - the macabre finger necklace {rN+}
   (You bought it in a shop on level 6 of the Dungeon)

   [amulet of nothing]

   It protects you from negative energy.
 s - a ring of stealth (left hand)
 w - an uncursed amulet of dismissal
 L - a ring of protection from fire (right hand)
 S - an uncursed ring of flight
 T - an amulet of faith (around neck)
Wands
 j - a wand of lightning (6/15)
 k - a wand of polymorph (5/24)
 u - a wand of random effects (11/48)
 C - a wand of teleportation (5/9)
 G - a wand of confusion (15/48)
 M - a wand of flame (13/48)
Scrolls
 d - 2 scrolls of fog
 m - 3 scrolls of remove curse
 p - 6 scrolls of identify
 t - 3 scrolls of recharging
 P - a scroll of teleportation
 Q - a scroll of silence {unknown}
Potions
 h - 3 potions of brilliance
 i - a potion of curing
 n - 2 potions of magic {unknown}
 q - 2 potions of mutation {unknown}
 r - a potion of berserk rage {unknown}
 v - a potion of invisibility {unknown}
 z - 2 potions of cancellation {unknown}
 E - a potion of might {unknown}
 J - a potion of cure mutation {unknown}
 K - 3 potions of flight
 N - a potion of agility {unknown}
 O - a potion of heal wounds {unknown}
Books
 b - a book of Conjurations

   Spells                             Type                      Level
   a - Magic Dart                     Conjuration                  1
   b - Searing Ray                    Conjuration                  2
   c - Dazzling Spray                 Conjuration/Hexes            3
   d - Fulminant Prism                Conjuration/Hexes            4
   e - Iskenderun's Mystic Blast      Conjuration                  4
   f - Iskenderun's Battlesphere      Conjuration/Charms           5
 x - a book of Battle

   Spells                             Type                      Level
   a - Infusion                       Charms                       1
   b - Shroud of Golubria             Charms/Translocation         2
   c - Song of Slaying                Charms                       2
   d - Spectral Weapon                Hexes/Charms                 3
   e - Regeneration                   Charms/Necromancy            3
 I - a book of Fire

   Spells                             Type                      Level
   a - Ignite Poison                  Fire/Transmutation/Poison    3
   b - Fireball                       Conjuration/Fire             5
   c - Bolt of Fire                   Conjuration/Fire             6
   d - Delayed Fireball               Conjuration/Fire             7
   e - Ring of Flames                 Charms/Fire                  7
Miscellaneous
 D - a plain deck of escape
 U - a crystal ball of energy
Comestibles
 c - 3 bread rations


   Skills:
 + Level 1.0 Fighting
 + Level 1.0 Short Blades
 + Level 0.2(3.0) Slings
 + Level 4.1 Throwing
 + Level 7.4 Dodging
 + Level 6.0 Stealth
 * Level 11.9 Spellcasting
 + Level 6.6 Conjurations
 + Level 1.2 Hexes
 * Level 5.1 Charms
 + Level 0.8 Necromancy
 + Level 1.7 Translocations
 + Level 0.6 Transmutations
 + Level 0.2 Poison Magic


You had 7 spell levels left.
You knew the following spells:

 Your Spells              Type           Power        Failure   Level  Hunger
a - Magic Dart            Conj           ####         1%          1    None
b - Searing Ray           Conj           #####.       1%          2    None
c - Dazzling Spray        Conj/Hex       ####..       1%          3    None
d - Iskenderun's Mystic   Conj           #####...     1%          4    None
e - Shroud of Golubria    Chrm/Tloc      ####......   1%          2    None
f - Iskenderun's Battles  Conj/Chrm      #####...     4%          5    ####...
g - Regeneration          Chrm/Necr      ####......   4%          3    None
h - Ignite Poison         Fire/Trmt/Pois ##......     4%          3    None
i - Flame Tongue          Conj/Fire      ####.        1%          1    None
j - Sting                 Conj/Pois      ####         1%          1    None


Dungeon Overview and Level Annotations

Branches:
Dungeon (9/15)             Temple (1/1) D:5            Lair (0/8) D:8
    Orc: D:9-12

Altars:
Ashenzari
Cheibriados
Dithmenos
Elyvilon
Fedhas
Gozag
Kikubaaqudgha
Makhleb
Nemelex Xobeh
Okawaru
Pakellas
Qazlal
Ru
Sif Muna
Trog
Vehumet
Yredelemnul
The Shining One

Shops:
D:6 =

Annotations:
D:5 Prince Ribbit
D:8 raikaria's ghost, novice DrCj


Innate Abilities, Weirdness & Mutations

You are tiny and cannot use many weapons and most armour.
You have supernaturally acute eyesight.
You are a herbivore.
You cover ground extremely quickly.
You need consume almost no food.


Message History

Aim: a worm (almost dead)
You throw a stone. The stone hits the worm.
You kill the worm!
Vehumet accepts your kill.
You hear a splash.
You enter the shallow water.
Moving in this stuff is going to be slow.
g - 304 stones (gained 1)
Your shroud begins to fray at the edges.
g - 305 stones (gained 1)
g - 306 stones (gained 1)
Your shroud unravels.
A swamp worm bursts forth from the water.
The swamp worm completely misses you.
A swamp worm bursts forth from the water.
The swamp worm bites you!! The swamp worm bites you. The swamp worm bites you!
* * * LOW HITPOINT WARNING * * *
The swamp worm bites you!
You die...

#...#'####.............
...######...................)..
.............(.).........#####.
####+##...≈≈≈(≈≈≈.########...#.
#.≈≈≈≈≈≈≈≈≈≈≈..........##
#≈≈≈#######≈≈≈...........
#≈≈≈#≈≈†≈≈##≈≈....######.
#≈≈P≈††≈≈w:#≈≈....#....'.
#####≈≈≈#≈≈≈@w##≈≈....#....#.
#....≈≈≈#######≈≈≈....#....+.
#.....≈≈≈≈≈≈≈≈≈≈≈.....#....#.
#####......#≈≈≈≈≈≈≈..'....#....#.
...........+......#..#....#....#.
.......<...#......#..#....######.
...........#......#..#...........
#+#.....)..##'#...#..#+##+#######
..#.......(...#####..............


You could see 2 swamp worms.

Vanquished Creatures
  2 hungry ghosts
  2 hippogriffs (D:9)
  A swamp worm (D:9)
  3 sky beasts
  2 orc warriors
  2 phantoms
  2 ice beasts (D:7)
  7 ogres
  3 centaurs
  2 crocodiles
  3 big kobolds
  4 giant frogs (D:6)
  10 wights
  9 killer bees
  4 crimson imps
  Crazy Yiuf (D:7)
  2 giant frog skeletons
  6 hounds
  A jelly (D:9)
  4 orc priests
  12 orc wizards
  3 centaur skeletons
  3 iguanas
  Terence (D:2)
  3 worker ants
  A statue (D:6)
  3 gnolls (D:3)
  A howler monkey skeleton (D:7)
  12 adders
  A shadow imp (D:8)
  An ooze (D:3)
  An adder zombie (D:6)
  2 adder skeletons
  16 worms
  A dart slug (D:1)
  5 giant geckos
  19 orcs
  13 bats
  3 giant cockroaches
  16 goblins
  8 hobgoblins
  10 jackals
  5 quokkas
  2 ball pythons
  2 giant gecko skeletons
  A giant gecko zombie (D:5)
  5 giant newts
  26 kobolds
  13 rats
259 creatures vanquished.

Vanquished Creatures (others)
  2 fungi (D:8)
  3 plants (D:9)
5 creatures vanquished.

Grand Total: 264 creatures vanquished

Notes
Turn   | Place    | Note
--------------------------------------------------------------
     0 | D:1      | sarahorange the Spriggan Conjurer began the quest for the Orb.
     0 | D:1      | Reached XP level 1. HP: 9/9 MP: 5/5
   325 | D:1      | Reached XP level 2. HP: 13/13 MP: 1/6
   329 | D:1      | Learned a level 2 spell: Searing Ray
  1134 | D:1      | Reached XP level 3. HP: 16/16 MP: 8/8
  1170 | D:2      | Noticed Terence
  1305 | D:2      | Killed Terence
  1305 | D:2      | Reached skill level 3 in Spellcasting
  1476 | D:2      | Learned a level 3 spell: Dazzling Spray
  1759 | D:2      | Reached XP level 4. HP: 21/21 MP: 1/10
  2464 | D:3      | Reached skill level 4 in Spellcasting
  2464 | D:3      | Reached XP level 5. HP: 24/24 MP: 5/12
  2470 | D:3      | Learned a level 4 spell: Iskenderun's Mystic Blast
  3719 | D:4      | Learned a level 2 spell: Shroud of Golubria
  3729 | D:4      | Noticed an ogre
  3754 | D:4      | Killed an ogre
  3754 | D:4      | Reached XP level 6. HP: 28/28 MP: 5/13
  4315 | D:4      | Found a sparkling altar of Nemelex Xobeh.
  4363 | D:5      | Entered Level 5 of the Dungeon
  4396 | D:5      | Found a glowing golden altar of the Shining One.
  4453 | D:5      | Noticed a sky beast
  4470 | D:5      | Reached skill level 5 in Spellcasting
  4780 | D:5      | Killed a sky beast
  4780 | D:5      | Reached XP level 7. HP: 32/32 MP: 1/16
  4872 | D:5      | Reached skill level 6 in Spellcasting
  5046 | D:5      | Reached skill level 5 in Conjurations
  5053 | D:5      | Learned a level 5 spell: Iskenderun's Battlesphere
  5086 | D:5      | Found a staircase to the Ecumenical Temple.
  5093 | Temple   | Entered the Ecumenical Temple
  5453 | D:5      | Reached skill level 1 in Translocations
  5833 | D:5      | Noticed Prince Ribbit
  6128 | D:5      | Reached skill level 7 in Spellcasting
  6133 | D:5      | Learned a level 3 spell: Regeneration
  6414 | D:6      | Reached skill level 1 in Throwing
  6420 | D:6      | Reached skill level 5 in Dodging
  6517 | D:6      | Reached XP level 8. HP: 37/37 MP: 12/20
  6536 | D:6      | Found Varoejuk's Jewellery Shop.
  6818 | D:5      | Reached skill level 1 in Charms
  7083 | D:6      | Found a radiant altar of Vehumet.
  7112 | D:6      | Became a worshipper of Vehumet
  7239 | D:6      | Reached skill level 8 in Spellcasting
  7732 | D:6      | Reached skill level 9 in Spellcasting
  7753 | D:6      | Bought the macabre finger necklace {rN+} for 280 gold pieces
  8242 | D:7      | Found a white marble altar of Elyvilon.
  8348 | D:7      | Reached XP level 9. HP: 40/40 MP: 16/23
  8370 | D:7      | Reached skill level 1 in Short Blades
  8522 | D:7      | Learned a level 3 spell: Ignite Poison
  8776 | D:7      | Reached * piety under Vehumet
  8776 | D:7      | Offered knowledge of Flame Tongue by Vehumet.
  8780 | D:7      | Learned a level 1 spell: Flame Tongue
  8894 | D:7      | Reached skill level 10 in Spellcasting
  8900 | D:7      | Reached skill level 5 in Stealth
  9676 | D:7      | Found a shattered altar of Ashenzari.
  9856 | D:7      | Reached skill level 11 in Spellcasting
  9860 | D:7      | Reached skill level 1 in Fighting
  9883 | D:7      | Reached skill level 1 in Hexes
  9998 | D:7      | Found an iron altar of Okawaru.
 10058 | D:7      | Noticed Crazy Yiuf
 10068 | D:7      | Killed Crazy Yiuf
 10238 | D:8      | Found a shadowy altar of Dithmenos.
 10417 | D:8      | Reached ** piety under Vehumet
 10649 | D:8      | Offered knowledge of Sting by Vehumet.
 10663 | D:8      | Learned a level 1 spell: Sting
 10793 | D:8      | Reached XP level 10. HP: 44/45 MP: 15/26
 10901 | D:8      | Found a staircase to the Lair.
 10909 | D:8      | Noticed raikaria's ghost (novice DrCj)
 12198 | D:9      | Got a scorched rapier
 12199 | D:9      | Identified the cursed +3 rapier of Yhiv {pierce, *Noise MP+9 Int+4} (You found it on level 9 of the Dungeon)
 12266 | D:9      | Offered knowledge of Throw Flame by Vehumet.
 12548 | D:9      | Reached skill level 5 in Charms
 12662 | D:9      | Reached *** piety under Vehumet
 12770 | D:9      | Slain by a swamp worm

Skill      XL: |  1  2  3  4  5  6  7  8  9 10 |
---------------+-------------------------------+-----
Conjurations   | 3 4 5 6 |  6.6
Spellcasting   | 3 4 5 7 9 11 | 11.9
Dodging        | 4 5 7 |  7.4
Stealth        | 4 5 6 |  6.0
Translocations | 1 |  1.7
Throwing       | 1 2 3 4 |  4.1
Charms         | 2 3 5 |  5.1
Short Blades   | 1 |  1.0
Fighting       | 1 |  1.0
Hexes          | 1 |  1.2
Slings         | |  0.2
Necromancy     | |  0.8
Transmutations | |  0.6
Poison Magic   | |  0.2

Action                   |  1- 3 |  4- 6 |  7- 9 | 10-12 || total
-------------------------+-------+-------+-------+-------++-------
Melee: Short sword       |    15 |    61 |    12 |     2 ||    90
 Fire: Hunting sling     |       |     6 |       |       ||     6
       Blowgun           |       |     5 |    50 |    11 ||    66
Throw: Stone             |       |     3 |       |     5 ||     8
 Cast: Magic Dart        |    71 |    64 |   135 |    84 ||   354
       Searing Ray       |     4 |    22 |    73 |    34 ||   133
       Dazzling Spray    |       |     5 |    13 |     7 ||    25
       Shroud of Golubri |       |     1 |     3 |     1 ||     5
       Iskenderun's Myst |       |     2 |     5 |     4 ||    11
       Regeneration      |       |       |     3 |       ||     3
       Ignite Poison     |       |       |     1 |     1 ||     2
       Flame Tongue      |       |       |     1 |       ||     1
       Sting             |       |       |       |     4 ||     4
  Use: Scroll            |     3 |       |    15 |     2 ||    20
       Potion            |       |       |     1 |       ||     1
 Stab: Sleeping          |     2 |    11 |     6 |     2 ||    21
  Eat: Pizza             |       |     1 |       |       ||     1
       Bread ration      |       |     1 |       |     1 ||     2
       Royal jelly       |       |       |     1 |       ||     1
Armor: Robe              |       |     8 |    11 |     3 ||    22
Dodge: Dodged            |    18 |    96 |   117 |    43 ||   274
